 Dungeon Crawl Stone Soup version 0.31-a0-234-gad7ace16ef (webtiles) character file.

Game seed: 8468927705629077117

453 qw the Shooter (level 6, -9/53 HPs)
             Began as a Minotaur Hexslinger on July 9, 2023.
             Mangled by Menkaure (13 damage)
             ... on level 4 of the Dungeon.
             The game lasted 00:01:19 (3148 turns).

qw the Shooter (Minotaur Hexslinger)                Turns: 3148, Time: 00:01:19

Health: -9/53      AC:  6    Str: 13    XL:     6   Next: 75%
Magic:  6/6        EV: 11    Int: 10    God:
Gold:   154        SH:  0    Dex: 20    Spells: 6/7 levels left

rFire   . . .        Y - +1 sling
rCold   . . .        (no shield)
rNeg    . . .        f - +0 ring mail
rPois   .            (helmet restricted)
rElec   .            g - +0 cloak
rCorr   .            (no gloves)
SInv    .            (no boots)
Will    .....        (no amulet)
Stlth   +            c - +6 ring of dexterity
HPRegen 0.28/turn    (no ring)
MPRegen 0.10/turn

%: no passive effects
@: no status effects
A: horns 2, retaliatory headbutt
a: no special abilities


You were on level 4 of the Dungeon.
You visited 1 branch of the dungeon, and saw 4 of its levels.

You collected 154 gold pieces.


Innate Abilities, Weirdness & Mutations

You have a pair of horns on your head.
You reflexively headbutt those who attack you in melee.


   Skills:
 - Level 4.5 Fighting
 + Level 6.8 Ranged Weapons
 - Level 1.0 Armour
 - Level 2.1 Dodging
 - Level 1.0 Spellcasting
 - Level 2.0 Hexes


You had 6 spell levels left.
You knew the following spells:

 Your Spells              Type           Power      Damage    Failure   Level
a - Slow                  Hex            16%        N/A       32%         1

Your spell library contained the following spells:

 Spells                   Type           Power      Damage    Failure   Level
 Inner Flame              Hex/Fire       2%         N/A       82%         3
 Portal Projectile        Hex/Tloc       4%         N/A       82%         3
 Cause Fear               Hex            2%         N/A       97%         4

Inventory:

Hand Weapons
 Y - a +1 sling (weapon)
Armour
 f - a +0 ring mail (worn)
 g - a +0 cloak (worn)
Jewellery
 c - a +6 ring of dexterity (left hand)
Wands
 i - a wand of digging (4)
Scrolls
 e - a scroll of brand weapon {unknown}
 h - a scroll of identify
Potions
 a - a potion of curing
 b - a potion of haste {unknown}
 k - a potion of enlightenment {unknown}

Dungeon Overview and Level Annotations

Branches:
Dungeon (4/15)
 Temple: D:4-7

Altars:

Shops:
D:2 =   D:4 :

Annotations:
D:4 Menkaure


Message History

You shoot a sling bullet. The sling bullet barely misses Edmund.
You shoot a sling bullet. The sling bullet hits Edmund.
Edmund is heavily wounded.
You shoot a sling bullet. The sling bullet hits Edmund.
Edmund is heavily wounded.
You shoot a sling bullet. The sling bullet hits Edmund.
Edmund is severely wounded.
You shoot a sling bullet. The sling bullet hits Edmund!
Edmund is almost dead.
Edmund says, "A flail is better than a scythe, any day of the week!"
Edmund closely misses you.
You shoot a sling bullet.
The sling bullet hits Edmund but does no damage.
Edmund is almost dead.
Edmund closely misses you.
You shoot a sling bullet. The sling bullet hits Edmund.
Edmund is almost dead.
Menkaure hits you but does no damage.
You shoot a sling bullet. The sling bullet hits Edmund.
Edmund is almost dead.
Edmund barely misses you. You furiously retaliate!
You headbutt Edmund.
You kill Edmund!
Menkaure mumbles some strange words.
Menkaure seems to speed up.
Your Fighting skill increases to level 4!
You shoot a sling bullet.
The sling bullet hits Menkaure but does no damage.
Menkaure hits you!!
You shoot a sling bullet. The sling bullet hits Menkaure.
Menkaure is lightly damaged.
Menkaure barely misses you. You furiously retaliate!
You headbutt Menkaure. Menkaure hits you!
You shoot a sling bullet.
The sling bullet barely misses Menkaure.
Menkaure barely misses you.
You shoot a sling bullet.
The sling bullet hits Menkaure but does no damage.
Menkaure is moderately damaged.
Menkaure hits you. Menkaure hits you!
You die...

#...............#.....#....)..#
#...............#.....#.......#
#...............#.....#.......#
##...............#'###+#.......#
....###########..........#######
....#.....#...'..........#
....#.....#...#..........#
....#....)'...#.)........#
....#.....#...#.@........#
....#.....#...#..M.......#
....########..#..........# ..###
##########....### #+# .'...
#....# #.... #....# . #..#
##....# \.. ..###..####.....#
.###. .........'.....#


You could see Menkaure (fast).

Vanquished Creatures
  Sigmund (D:4)
  Edmund (D:4)
  An orc priest (D:3)
  An orc wizard (D:3)
  4 adders
  3 worms
  2 dart slugs (D:1)
  9 orcs (D:3)
  2 ball pythons
  4 endoplasms
  2 giant cockroaches
  6 hobgoblins
  8 jackals (D:1)
  5 kobolds
  4 quokkas
  4 bats
  3 frilled lizards
  8 goblins
  5 rats
73 creatures vanquished.

Notes
Turn   | Place    | Note
-------+----------+-------------------------------------------
     0 | D:1      | qw the Minotaur Hexslinger began the quest for the Orb.
     0 | D:1      | Reached XP level 1. HP: 16/16 MP: 1/1
     0 | D:1      | 0 ||| qw: Version: 0.3-a-51-g015441d
     0 | D:1      | 0 ||| qw: Game counter: 4039
     0 | D:1      | 0 ||| qw: Melee chars always use a shield: true
     0 | D:1      | 0 ||| qw: God list: Okawaru
     0 | D:1      | 0 ||| qw: Allow faded altars: false
     0 | D:1      | 0 ||| qw: Do Orc after clearing Dungeon:15 true
     0 | D:1      | 0 ||| qw: Do second Lair branch before Depths: true
     0 | D:1      | 0 ||| qw: Lair rune preference: random
     0 | D:1      | 0 ||| qw: Goals: Normal
     0 | D:1      | 0 ||| PLANNING D:1-11
    16 | D:1      | 16 ||| FLEEEEING.
    17 | D:1      | 17 ||| FLEEEEING.
    20 | D:1      | 20 ||| FLEEEEING.
    21 | D:1      | 21 ||| FLEEEEING.
    24 | D:1      | Reached skill level 3 in Ranged Weapons
    24 | D:1      | Reached XP level 2. HP: 21/23 MP: 2/2
   379 | D:1      | Reached XP level 3. HP: 29/29 MP: 3/3
   689 | D:1      | 689 ||| READING scroll labelled YFFECU ABIK.
   690 | D:1      | 690 ||| READING 2 scrolls labelled TEIMPU MIPUOLA.
   745 | D:1      | 745 ||| DRINKING 3 lumpy red potions.
   746 | D:1      | 746 ||| DROPPING scroll of poison.
   747 | D:1      | 747 ||| DROPPING scroll of torment.
   873 | D:2      | Reached skill level 4 in Ranged Weapons
  1065 | D:2      | Found Bucwon's One-of-a-Kind Rings.
  1071 | D:2      | 1071 ||| SHOPLISTING +3 ring of dexterity (140 gold, have
                  | 81).
  1071 | D:2      | 1071 ||| SHOPLISTING ring "Essizeih" {Str+6 Stlth+} (641
                  | gold, have 81).
  1071 | D:2      | 1071 ||| SHOPLISTING ring of Gupiasets {rElec rPois Will-
                  | Str+6 Int+3} (681 gold, have 81).
  1071 | D:2      | 1071 ||| SHOPLISTING ring of Wumeq {rC++ rN+} (623 gold,
                  | have 81).
  1212 | D:2      | Reached XP level 4. HP: 13/36 MP: 4/4
  1212 | D:2      | HP: 9/36 [hobgoblin (4)]
  1213 | D:2      | 1213 ||| DRINKING 2 potions of heal wounds.
  1435 | D:2      | 1435 ||| UPGRADING to +0 leather armour.
  1445 | D:2      | 1445 ||| DROPPING +0 robe.
  1446 | D:2      | 1446 ||| UPGRADING to +0 ring mail.
  1456 | D:2      | 1456 ||| DROPPING +0 leather armour.
  1457 | D:2      | 1457 ||| READING 2 scrolls labelled ROICKUICHI.
  1458 | D:2      | 1458 ||| READING scroll labelled AKLAEDGH XUJECK.
  1463 | D:2      | 1463 ||| READING scroll labelled PYPUFO QUMEU.
  1464 | D:2      | 1464 ||| READING scroll labelled EMNAGA TOSAOFE.
  1465 | D:2      | 1465 ||| READING 2 scrolls of identify.
  1465 | D:2      | 1465 ||| IDENTIFYING lumpy pink potion
  1466 | D:2      | 1466 ||| DROPPING potion of invisibility.
  1467 | D:2      | 1467 ||| DROPPING scroll of vulnerability.
  1733 | D:3      | Reached skill level 1 in Armour
  1775 | D:3      | Reached skill level 5 in Ranged Weapons
  1837 | D:3      | 1837 ||| READING 2 scrolls of identify.
  1837 | D:3      | 1837 ||| IDENTIFYING orange potion
  1953 | D:3      | 1953 ||| UPGRADING to +0 cloak.
  1962 | D:3      | 1962 ||| FLEEEEING.
  1963 | D:3      | 1963 ||| FLEEEEING.
  1964 | D:3      | 1964 ||| FLEEEEING.
  1965 | D:3      | 1965 ||| FLEEEEING.
  1966 | D:3      | 1966 ||| FLEEEEING.
  1967 | D:3      | 1967 ||| FLEEEEING.
  1968 | D:3      | 1968 ||| FLEEEEING.
  1969 | D:3      | 1969 ||| FLEEEEING.
  1970 | D:3      | 1970 ||| FLEEEEING.
  1971 | D:3      | 1971 ||| FLEEEEING.
  1972 | D:3      | 1972 ||| FLEEEEING.
  1973 | D:3      | 1973 ||| FLEEEEING.
  1974 | D:3      | 1974 ||| FLEEEEING.
  1975 | D:3      | 1975 ||| FLEEEEING.
  1976 | D:3      | 1976 ||| FLEEEEING.
  1977 | D:3      | 1977 ||| FLEEEEING.
  1978 | D:3      | 1978 ||| FLEEEEING.
  1979 | D:3      | 1979 ||| FLEEEEING.
  1980 | D:3      | 1980 ||| FLEEEEING.
  1981 | D:3      | 1981 ||| FLEEEEING.
  1998 | D:3      | Reached skill level 3 in Fighting
  1998 | D:3      | Reached XP level 5. HP: 22/40 MP: 5/5
  2634 | D:3      | 2634 ||| UPGRADING to +6 ring of dexterity.
  2635 | D:3      | 2635 ||| DRINKING 2 sedimented white potions.
  2636 | D:3      | 2636 ||| DROPPING potion of attraction.
  2831 | D:4      | Noticed Edmund
  2837 | D:4      | HP: 3/41 [Edmund/+4 heavy dire flail (21)]
  2838 | D:4      | 2838 ||| READING scroll of teleportation.
  2839 | D:4      | 2839 ||| DRINKING potion of heal wounds.
  2935 | D:4      | Noticed Sigmund
  2946 | D:4      | Killed Sigmund
  2947 | D:4      | Reached skill level 6 in Ranged Weapons
  2947 | D:4      | Reached XP level 6. HP: 21/51 MP: 6/6
  3096 | D:4      | Found Roddelle's Book Boutique.
  3107 | D:4      | Noticed Menkaure
  3108 | D:4      | 3108 ||| FLEEEEING.
  3109 | D:4      | 3109 ||| FLEEEEING.
  3122 | D:4      | 3122 ||| FLEEEEING.
  3123 | D:4      | 3123 ||| FLEEEEING.
  3124 | D:4      | 3124 ||| FLEEEEING.
  3144 | D:4      | Killed Edmund
  3146 | D:4      | HP: 7/53 [Menkaure (12)]
  3148 | D:4      | Mangled by Menkaure

Levels and vault maps discovered:
D:1:      ncdulo_watergridlock, layout_loops_cross, amcnicky_mini_pool_small
D:2:      layout_loops_ring, nicolae_shop_unique_rings,
          corexii_item_surrounded_by_moat
D:3:      layout_basic, serial_co_window_serial, co_window_cross_1,
          co_window_corner_a, co_window_paths_a, co_window_paths_b,
          co_window_paths_b, co_window_2corner, co_window_corner_b,
          co_window_2corner, co_window_paths_d, co_window_sun, glass_columns_a,
          glass_columns_c
D:4:      layout_gridville, serial_shops, nicolae_shop_hallway_plus,
          uniq_sigmund, uniq_edmund, uniq_menkaure

Skill      XL: |  1  2  3  4  5  6 |
---------------+-------------------+-----
Ranged Weapons | 3 4 5 6 |  6.8
Fighting       | 2 3 4 |  4.5
Armour         | 1 |  1.0
Dodging        | |  2.1
Spellcasting   | |  1.0
Hexes          | |  2.0

Action                     |  1- 3 |  4- 6 || total
---------------------------+-------+-------++-------
   Fire: Sling             |   112 |   146 ||   258
    Use: Scroll            |     2 |     7 ||     9
         Potion            |     1 |     3 ||     4
 Armour: Robe              |    12 |       ||    12
         Ring mail         |       |    15 ||    15
  Dodge: Dodged            |    60 |    37 ||    97

Table legend:
 A = Non-vault XP
 B = Vault XP
 C = Vault XP percentage of total XP
 D = Non-vault monster count
 E = Vault monster count
 F = Vault count percentage of total count
                 A         B        C        D         E       F
            +---------+---------+-------+---------+---------+-------
      Total |     267 |     381 |  58.8 |      71 |       2 |   2.7
            +---------+---------+-------+---------+---------+-------
        D:1 |      51 |       0 |   0.0 |      27 |       0 |   0.0
        D:2 |      65 |       0 |   0.0 |      13 |       0 |   0.0
        D:3 |     127 |       0 |   0.0 |      24 |       0 |   0.0
        D:4 |      24 |     381 |  94.1 |       7 |       2 |  22.2
            +---------+---------+-------+---------+---------+-------
